 Dungeon Crawl Stone Soup version 0.27.1-33-g824d729ab1 (webtiles) character file.

Game seed: 14871959674711387892

2354 Atelerd the Digger (level 9, -11/54 HPs)
             Began as an Octopode Earth Elementalist on Dec 22, 2021.
             Was an Initiate of Sif Muna.
             Mangled by a two-headed ogre (30 damage)
             ... on level 8 of the Dungeon.
             The game lasted 00:08:56 (8728 turns).

Atelerd the Digger (Octopode Earth Elementalist)    Turns: 8728, Time: 00:08:57

Health: -11/54     AC:  3    Str:  7    XL:     9   Next: 44%
Magic:  10/19      EV: 13    Int: 21    God:    Sif Muna [......]
Gold:   367        SH:  5    Dex: 12    Spells: 17/22 levels left

rFire    . . .     SeeInvis .   A - +4 rapier
rCold    . . .     Faith    .   k - +0 buckler
rNeg     . . .     Spirit   .   v - +2 hat
rPois    .         Reflect  .   (no amulet)
rElec    .         Harm     .   n - +4 ring of slaying
rCorr    .         Rampage  .   (no ring)
Will     .....                  (no ring)
Stlth    ++++......             (no ring)
HPRegen  0.18/turn              (no ring)
MPRegen  0.16/turn              (no ring)
                                (no ring)
                                (no ring)

@: no status effects
A: almost no armour, amphibious, 8 rings, camouflage 1, gelatinous body 1,
(nimble swimmer 1), tentacles
a: Renounce Religion


You were on level 8 of the Dungeon.
You worshipped Sif Muna.
Sif Muna was noncommittal.
You visited 2 branches of the dungeon, and saw 9 of its levels.

You collected 442 gold pieces.
You spent 75 gold pieces at shops.

Inventory:

Hand Weapons
 A - a +4 rapier (weapon)
Missiles
 b - 3 stones
Armour
 k - a +0 buckler (worn)
 v - a +2 hat (worn)
Jewellery
 n - a +4 ring of slaying (left tentacle)
 p - the ring "Gamy" {rN+ Dex+4 Slay+3}
   (You found it on level 5 of the Dungeon)

   [ring of positive energy]

   Dex:       It affects your dexterity (+4).
   Slay:      It affects your accuracy & damage with ranged weapons and melee
   (+3).
   rN:        It protects you from negative energy.
 s - the ring "Buatatiw" {Wiz rF+++ Str+3 Int+6 Dex-5}
   (You found it on level 6 of the Dungeon)

   [ring of wizardry]

   It improves your spell success rate.
   Str:       It affects your strength (+3).
   Int:       It affects your intelligence (+6).
   Dex:       It affects your dexterity (-5).
   rF:        It renders you almost immune to fire.
 z - a ring of protection from fire
Scrolls
 d - 7 scrolls of identify
 h - a scroll of enchant weapon {unknown}
 i - a scroll of torment {unknown}
 l - a scroll of blinking {unknown}
 o - a scroll of summoning {unknown}
 q - a scroll of teleportation {unknown}
 r - a scroll of magic mapping {unknown}
 u - a scroll of vulnerability {unknown}
 y - a scroll of noise {unknown}
Potions
 a - 3 potions of haste {unknown}
 e - 2 potions of degeneration
 f - 2 potions of curing
 g - a potion of mutation {unknown}
 j - a potion of invisibility {unknown}
 m - 2 potions of cancellation {unknown}
 t - a potion of magic {unknown}
 w - a potion of ambrosia {unknown}


   Skills:
 + Level 1.8 Fighting
 + Level 1.8 Short Blades
 - Level 2.0 Dodging
 - Level 5.0 Stealth
 - Level 4.0 Shields
 + Level 7.3 Spellcasting
 + Level 2.9 Transmutations
 + Level 7.3 Earth Magic
 * Level 1.9 Invocations


You had 17 spell levels left.
You knew the following spells:

 Your Spells              Type           Power      Damage    Failure   Level
a - Sandblast             Erth           76%        2d16      1%          1
p - Petrify               Tmut/Erth      29%        N/A       11%         4

Your spell library contained the following spells:

 Spells                   Type           Power      Damage    Failure   Level
 Passwall                 Tmut/Erth      24%        N/A       1%          2
 Stone Arrow              Conj/Erth      46%        3d9       5%          3
 Foxfire                  Conj/Fire      28%        2x1d5     9%          1
 Freeze                   Ice            28%        1d5       9%          1
 Lee's Rapid Deconstruct  Erth           19%        3d12*     12%         5
 Conjure Flame            Conj/Fire      7%         6-21      26%         3
 Frozen Ramparts          Ice            14%        1d3       26%         3
 Inner Flame              Hex/Fire       7%         N/A       26%         3
 Ozocubu's Armour         Ice            7%         N/A       26%         3
 Hailstorm                Conj/Ice       7%         3d4       65%         4
 Ozocubu's Refrigeration  Ice            3%         4d5       100%        7
 Lehudib's Crystal Spear  Conj/Erth      11%        10d4      100%        8
 Animate Armour           Summ/Erth      Unusable   N/A       N/A         4

Dungeon Overview and Level Annotations

Branches:
Dungeon (8/15)             Temple (1/1) D:5
   Lair: D:8-11

Altars:
Ashenzari
Cheibriados
Dithmenos
Elyvilon
Fedhas
Gozag
Hepliaklqana
Kikubaaqudgha
Makhleb
Nemelex Xobeh
Okawaru
Qazlal
Ru
Sif Muna
Trog
Uskayaw
Vehumet
Wu Jian
Xom
Yredelemnul
Zin
The Shining One
Beogh

Shops:
D:1 [*(*:   D:2 (   D:3 :   D:6 :

Annotations:
D:7 exclusion: downstairs


Innate Abilities, Weirdness & Mutations

You cannot wear most types of armour.
You are amphibious.
You can wear up to eight rings at the same time.
Your skin changes colour to match your surroundings (Stealth+).
Your rubbery body absorbs attacks. (AC +1, EV +1)
((You are camouflaged near water. (Stealth+)))
You have tentacles for arms and can constrict up to eight enemies at once.


Message History

The gnoll shouts!
You hear a shout!
A gnoll comes into view. It is wielding a +0 club.
There is an open door here.
A two-headed ogre comes into view. It is wielding two +0 giant clubs.
The blast of sand hits the orc!
You kill the orc!
Sif Muna accepts your kill.
The two-headed ogre shouts in stereo!
The blast of sand hits the gnoll!
The gnoll is almost dead.
The blast of sand hits the gnoll!
You kill the gnoll!
Sif Muna accepts your kill.
The blast of sand hits the gnoll!
You kill the gnoll!
Sif Muna accepts your kill.
Casting: Sandblast (safe; 1% risk of failure)
Confirm with . or Enter, or press ? or * to list all spells.
Aiming: Sandblast (safe; 1% risk of failure)
Press: ? - help, Shift-Dir - straight line, f - two-headed ogre
Aim: a two-headed ogre, wielding two +0 giant clubs (91% to hit)
The blast of sand hits the two-headed ogre!
The two-headed ogre is moderately wounded.
Casting: Sandblast (safe; 1% risk of failure)
Confirm with . or Enter, or press ? or * to list all spells.
Aiming: Sandblast (safe; 1% risk of failure)
Press: ? - help, Shift-Dir - straight line, f/p - two-headed ogre
Aim: a two-headed ogre, wielding two +0 giant clubs (moderately wounded, 91% to hit)
The blast of sand hits the two-headed ogre but does no damage.
The two-headed ogre is moderately wounded.
Casting: Sandblast (safe; 1% risk of failure)
Confirm with . or Enter, or press ? or * to list all spells.
Aiming: Sandblast (safe; 1% risk of failure)
Press: ? - help, Shift-Dir - straight line, f/p - two-headed ogre
Aim: a two-headed ogre, wielding two +0 giant clubs (moderately wounded, 91% to hit)
The blast of sand hits the two-headed ogre!!
The two-headed ogre is severely wounded.
The two-headed ogre hits you with a +0 giant club!! x2
Ouch! That really hurt!
You die...

'...# # #...# #. #)..#
#.##.).# #......#
###.######### .g.#####)#
#...# # .
........[#####...##.#...
.........)g@O...........
.........####...<.###
#.######## #.....# #
...#####....##
............#
..>.....#...#
........#...#
........#...#
........#...#


You could see a two-headed ogre and a gnoll.

Vanquished Creatures
  2 yaks
  A steam dragon (D:7)
  A water moccasin (D:7)
  2 ice beasts (D:7)
  2 black bears
  A sky beast (D:5)
  A necrophage (D:6)
  An ogre (D:6)
  A centaur (D:7)
  A phantom (D:4)
  A kobold brigand (D:6)
  4 bullfrogs (D:7)
  2 water moccasin zombies
  The ghost of Tzialkovskiy the Ducker, a weakling TrFi (D:3)
  A jelly (D:6)
  4 wights (D:7)
  2 iguanas
  A bullfrog skeleton (D:5)
  3 orc wizards
  A killer bee zombie (D:6)
  2 gnolls (D:8)
  7 adders
  2 white imps (D:6)
  An adder skeleton (D:2)
  2 dart slugs
  14 orcs
  8 bats
  7 endoplasms
  4 giant cockroaches
  6 goblins
  4 hobgoblins
  14 kobolds
  3 quokkas
  3 ball pythons
  2 frilled lizards
  5 rats
  A spectral kobold (D:3)
118 creatures vanquished.

Notes
Turn   | Place    | Note
-------+----------+-------------------------------------------
     0 | D:1      | Atelerd the Octopode Earth Elementalist began the quest for
                  | the Orb.
     0 | D:1      | Reached XP level 1. HP: 11/11 MP: 3/3
     8 | D:1      | Found Gojaif's General Store.
    16 | D:1      | Found Plog's Book Shop.
   139 | D:1      | Found Akucuz's Antique Weapon Boutique.
   153 | D:1      | Found Fawkedgh's General Store.
   239 | D:1      | Found Vyneab's Antique Armour Shoppe.
   394 | D:1      | Reached XP level 2. HP: 17/17 MP: 3/5
   816 | D:1      | Found a faded altar of an unknown god.
  1051 | D:1      | Bought a scroll of identify for 28 gold pieces
  1051 | D:1      | Bought a potion of degeneration for 14 gold pieces
  1092 | D:1      | Bought a potion of curing for 33 gold pieces
  1245 | D:2      | Reached XP level 3. HP: 21/21 MP: 3/6
  1338 | D:2      | Found Betun's Antique Weapon Shoppe.
  1967 | D:2      | Reached XP level 4. HP: 27/27 MP: 5/7
  2301 | D:3      | Found a bloodstained altar of Trog.
  2517 | D:3      | Found Suwegror's Book Shop.
  2520 | D:3      | Found a runed translucent gate.
  2521 | D:3      | Found a runed translucent gate.
  2521 | D:3      | Found a runed translucent gate.
  2787 | D:3      | Noticed Tzialkovskiy's ghost (weakling TrFi)
  2912 | D:3      | Found a hazy altar of Hepliaklqana.
  3276 | D:4      | Noticed a black bear
  3283 | D:4      | Killed a black bear
  3284 | D:4      | Reached skill level 1 in Shields
  3284 | D:4      | Reached XP level 5. HP: 21/31 MP: 5/9
  3527 | D:4      | Learned a level 4 spell: Petrify
  3582 | D:4      | Noticed a phantom
  3591 | D:4      | Killed a phantom
  3592 | D:4      | Reached XP level 6. HP: 26/36 MP: 3/11
  4210 | D:5      | Entered Level 5 of the Dungeon
  4222 | D:5      | Reached skill level 5 in Stealth
  4295 | D:5      | Identified the ring "Gamy" {rN+ Dex+4 Slay+3}
  4357 | D:5      | Noticed a sky beast
  4368 | D:5      | Killed a sky beast
  4372 | D:5      | Reached XP level 7. HP: 12/41 MP: 5/12
  4697 | D:6      | Found a burning altar of Makhleb.
  5046 | D:6      | Reached skill level 5 in Earth Magic
  5278 | D:6      | Reached XP level 8. HP: 46/46 MP: 9/15
  5340 | D:6      | Identified the ring "Buatatiw" {Wiz rF+++ Str+3 Int+6
                  | Dex-5}
  5551 | D:6      | Found a glowing silver altar of Zin.
  5710 | D:6      | Found Idwu's Book Emporium.
  6057 | D:6      | Found an iron altar of Okawaru.
  6133 | D:7      | Reached skill level 5 in Spellcasting
  6907 | D:7      | Reached XP level 9. HP: 34/51 MP: 17/19
  7099 | D:7      | Reached skill level 1 in Fighting
  7099 | D:7      | Reached skill level 1 in Short Blades
  7731 | D:5      | Found a staircase to the Ecumenical Temple.
  7843 | Temple   | Entered the Ecumenical Temple
  7973 | Temple   | Became a worshipper of Sif Muna the Loreminder
  8192 | D:3      | Killed Tzialkovskiy's ghost
  8450 | D:8      | Reached skill level 1 in Invocations
  8721 | D:8      | Noticed a two-headed ogre
  8728 | D:8      | Mangled by a two-headed ogre

Illustrated notes

Levels and vault maps discovered:
D:1:      lemuel_arrival_lava_pool, layout_basic, serial_shops, shop,
          nicolae_shop_crystal, nicolae_diamond_shop, shop_coins, shop,
          ebering_ecumenical_altar_sacrificial
D:2:      layout_loops_cross, serial_shops, nicolae_square_shop
D:3:      layout_basic, nicolae_hepliaklqana_monster_ancestors,
          overflow_temple_1_default, biasface_ghost_orc_armoury, serial_shops,
          shop
D:4:      layout_cave_pools
D:5:      due_chaos_kobolds, layout_loops_ring,
          minmay_temple_entry_enclosed_plants
D:6:      layout_rooms, mainiacjoe_overflow_tiny_flanked,
          lemuel_coloured_pillars_altar, kennysheep_mini_moat, serial_shops,
          nicolae_diamond_shop, kennysheep_generic_room_7
D:7:      layout_loops_corners
D:8:      layout_basic, erik_lair_orcish_takeover, grunt_potential
Temple:   minmay_crystal_spiral_temple

Skill      XL: |  1  2  3  4  5  6  7  8  9 |
---------------+----------------------------+-----
Stealth        | 3 4 5 |  5.0
Transmutations | 2 |  2.9
Shields        | 1 2 4 |  4.0
Spellcasting   | 3 4 7 |  7.3
Earth Magic    | 4 5 7 |  7.3
Fighting       | 1 |  1.8
Short Blades   | 1 |  1.8
Invocations    | 1 |  1.9
Dodging        | |  2.0

Action                   |  1- 3 |  4- 6 |  7- 9 || total
-------------------------+-------+-------+-------++-------
Melee: Unarmed           |    10 |       |       ||    10
       Constrict         |     6 |     7 |    11 ||    24
       Dagger            |    25 |    25 |    26 ||    76
       Tentacles         |     3 |     4 |     7 ||    14
       Short sword       |       |       |    16 ||    16
       Rapier            |       |       |     5 ||     5
 Cast: Sandblast         |    37 |    48 |    97 ||   182
       Petrify           |       |     2 |     4 ||     6
  Use: Potion            |       |     1 |       ||     1
 Stab: Sleeping          |     5 |     1 |     5 ||    11
       Petrified         |       |       |     3 ||     3
Armor: Skin              |     5 |     4 |     5 ||    14
Dodge: Dodged            |    32 |    34 |    57 ||   123
Block: Buckler           |       |       |     9 ||     9
